Diablos vs Rafales
(R2)
Created - May 4, 2019 at 19:00
Goals
|
| Diablos |
2 |
3 |
1 |
6 |
| Rafales |
1 |
0 |
1 |
2 |
|
Shots
|
| Diablos |
11 |
19 |
10 |
40 |
| Rafales |
16 |
3 |
14 |
33 |
|
1st period
1. Diablos , Jason Akeson 41 (Nick Spaling 48, Lars Eller 77) at 1:32
2. Diablos , Lars Eller 40 (Jason Akeson 44, Philip Larsen 30) at 11:16
3. Rafales , Mike Zigomanis 49 (Matt Gilroy 51, Cody McLeod 82) at 19:33
Penalties :
Nick Spaling (Don) for Charging (Minor) at 7:27
2nd period
4. Diablos , Jason Akeson 42 (Lars Eller 78, Cameron Gaunce 45) at 0:10
5. Diablos , Nick Spaling 48 (Tyler Lewington 5, Lars Eller 79) at 2:28
6. Diablos , Peter Holland 21 (Tobias Lindberg 1, Andrei Mironov 6) at 9:23
Penalties :
Chris Terry (Stf) for High sticking (Minor) at 6:49, Philip Larsen (Don) for Hooking (Minor) at 12:58, Milan Bartovic (Stf) for Roughing (Minor) at 16:37
3rd period
7. Diablos , Marek Zagrapan 14 (Bryan Bickell 26) at 2:22
8. Rafales , Milan Bartovic 38 (James Sheppard 37, Nathan Davis 50) at 12:55
Penalties :
Michael Ryder (Stf) for Fighting (Major) at 2:29, Cameron Gaunce (Don) for Fighting (Major) at 2:29, Milan Bartovic (Stf) for Holding (Minor) at 4:34, Tobias Lindberg (Don) for Unsportsmanlike conduct (Minor) at 9:34
Goalie Stats
Andrew Hammond (Don), 31 saves from 33 shots - (0.939), W, 19-20-4, 60:00 minutes
Leland Irving (Stf), 34 saves from 40 shots - (0.850), L, 41-22-7, 60:00 minutes
Players Stats for Diablos
Player Name G A P +/- PIM S H SB GA TA FO MP PP MP PK MP
------------------------------------------------------------------------------------
Andrei Mironov 0 1 1 2 0 0 0 0 0 0 0/0 5:07 0:00 0:00
Andrey Pedan 0 0 0 -1 0 0 1 0 0 2 0/0 10:24 0:00 0:58
Barclay Goodrow 0 0 0 1 0 0 2 0 0 0 0/0 11:39 0:00 0:00
Brian Dumoulin 0 0 0 1 0 2 2 1 0 0 0/0 19:29 2:35 2:31
Bryan Bickell 0 1 1 -1 0 5 3 0 0 0 0/0 16:47 2:40 1:27
Cameron Gaunce 0 1 1 2 5 1 1 1 0 1 0/0 23:20 2:20 3:26
Charles Hudon 0 0 0 1 0 2 0 0 0 0 0/0 7:42 0:00 0:00
Corey Trivino 0 0 0 -1 0 3 1 0 1 0 5/13 14:58 2:40 0:00
David Musil 0 0 0 0 0 0 0 0 0 0 0/0 2:37 1:02 0:00
Jason Akeson 2 1 3 3 0 5 3 1 1 1 0/2 21:36 3:09 3:01
Jiri Sekac 0 0 0 1 0 2 1 0 0 0 0/0 11:39 0:00 0:00
Lars Eller 1 3 4 3 0 3 2 1 0 0 14/33 20:04 3:09 1:29
Marek Zagrapan 1 0 1 1 0 3 3 2 0 0 3/6 13:04 0:08 0:38
Nick Spaling 1 1 2 3 2 5 4 1 0 1 1/2 20:56 3:09 1:55
Nikita Nesterov 0 0 0 -1 0 1 0 0 0 0 0/0 10:03 0:00 0:31
Peter Holland 1 0 1 1 0 3 1 0 1 0 3/4 9:59 0:00 1:55
Philip Larsen 0 1 1 2 2 0 3 1 0 0 0/0 25:20 3:30 2:28
Sergey Tolchinsky 0 0 0 0 0 0 0 0 0 0 0/0 0:47 0:08 0:00
Tobias Lindberg 0 1 1 1 2 0 1 1 0 0 0/1 8:01 0:08 0:00
Tyler Lewington 0 1 1 2 0 0 1 0 0 0 0/0 5:33 0:17 0:00
Tyler Pitlick 0 0 0 -1 0 3 1 2 0 0 1/1 16:27 2:40 1:29
Viktor Loov 0 0 0 1 0 2 1 2 0 0 0/0 18:27 2:10 2:00
Players Stats for Rafales
Player Name G A P +/- PIM S H SB GA TA FO MP PP MP PK MP
------------------------------------------------------------------------------------
Brian Ferlin 0 0 0 -1 0 0 1 0 0 0 0/0 11:38 0:18 0:00
Carl Klingberg 0 0 0 -1 0 1 0 0 1 0 0/0 13:58 0:37 2:15
Cedric Paquette 0 0 0 -1 0 1 1 0 0 0 0/4 10:17 0:10 1:23
Chris Terry 0 0 0 -1 2 2 0 0 0 0 1/1 7:55 0:00 0:00
Cody McLeod 0 1 1 -1 0 5 0 0 1 0 4/4 22:49 2:52 2:56
Connor Murphy 0 0 0 -2 0 2 0 0 0 1 0/0 29:01 2:44 2:57
Dylan McIlrath 0 0 0 -2 0 0 1 0 0 0 0/0 22:07 3:13 3:00
James Marcou 0 0 0 -1 0 0 1 0 0 0 0/0 7:50 0:00 0:00
James Sheppard 0 1 1 -1 0 2 0 1 0 0 1/1 17:36 2:28 2:18
Joey Laleggia 0 0 0 0 0 0 1 2 0 0 0/0 13:50 0:00 0:00
Julian Melchiori 0 0 0 0 0 1 0 0 0 0 0/0 4:14 0:50 0:00
Kevin Veilleux 0 0 0 -1 0 0 1 0 0 0 3/6 11:01 0:00 0:00
Matt Gilroy 0 1 1 -2 0 3 2 2 0 2 0/0 26:26 2:44 2:57
Michael Ryder 0 0 0 -1 5 5 2 1 1 0 1/1 18:00 3:11 0:00
Mike Zigomanis 1 0 1 -1 0 6 1 1 0 0 21/35 22:32 3:19 3:02
Milan Bartovic 1 0 1 -1 4 3 0 1 0 0 0/0 16:41 2:28 0:00
Nathan Davis 0 1 1 -1 0 0 1 0 2 0 4/10 15:18 2:28 0:00
Slater Koekkoek 0 0 0 -2 0 2 2 1 0 0 0/0 22:46 2:23 3:00
3 Stars
1 - Jason Akeson (Don)
2 - Lars Eller (Don)
3 - Nick Spaling (Don)
Power Play
Diablos - 0 on 3 Attempt(s) - 0.00%
Rafales - 0 on 3 Attempt(s) - 0.00%
Penalty Kill
Diablos - 3 on 3 Attempt(s) - 100.00%
- Score 0 goal in Penalty Kill
Rafales - 3 on 3 Attempt(s) - 100.00%
- Score 0 goal in Penalty Kill
Team Stat
Diablos - Hits : 31 - Faceoff Wins : 27 - Blocked Shots : 13 - Penalty Minutes : 11
Rafales - Hits : 14 - Faceoff Wins : 35 - Blocked Shots : 9 - Penalty Minutes : 11
Official
Referees : Unknown
Linesman : Unknown
Game Notes
Julian Melchiori is injured at 14:35 of 1st period (Right Foot)
Michael Ryder and Cameron Gaunce fight to a draw at 2:29 of 3rd period
Finance
Level 1 -- Attendance: 1370 (68.50%) -- Ticket Income $54,800
Level 2 -- Attendance: 815 (81.50%) -- Ticket Income $16,300
Total Attendance: 2185 (72.83%)
Total Ticket Income: $71,100
Other Income: $3,555
Total Income: $74,655
Diablos
5 vs 5 Forward
Center Left Wing Right Wing Time % Phy DF OF
1 Lars Eller Nick Spaling Jason Akeson 40 1 2 2
2 Corey Trivino Bryan Bickell Tyler Pitlick 30 1 2 2
3 Marek Zagrapan Jiri Sekac Barclay Goodrow 20 1 2 2
4 Peter Holland Charles Hudon Tobias Lindberg 10 1 2 2
5 vs 5 Defense
Defense Defense Time % Phy DF OF
1 Cameron Gaunce Philip Larsen 40 1 2 2
2 Brian Dumoulin Viktor Loov 30 1 2 2
3 Andrey Pedan Nikita Nesterov 20 1 2 2
4 Andrei Mironov Tyler Lewington 10 1 2 2
PowerPlay Forward
Center Left Wing Right Wing Time % Phy DF OF
1 Lars Eller Nick Spaling Jason Akeson 60 1 2 2
2 Corey Trivino Bryan Bickell Tyler Pitlick 40 1 2 2
PowerPlay Defense
Defense Defense Time % Phy DF OF
1 Cameron Gaunce Philip Larsen 60 1 2 2
2 Brian Dumoulin Viktor Loov 40 1 2 2
Penalty Kill 4 Players Forward
Center Wing Time % Phy DF OF
1 Nick Spaling Jason Akeson 60 1 2 2
2 Tyler Pitlick Lars Eller 40 1 2 2
Penalty Kill 4 Players Defense
Defense Defense Time % Phy DF OF
1 Cameron Gaunce Philip Larsen 60 1 2 2
2 Brian Dumoulin Viktor Loov 40 1 2 2
Penalty Kill - 3 Players Forward
Forward Time % Phy DF OF
1 Nick Spaling 60 1 2 2
2 Jason Akeson 40 1 2 2
Penalty Kill - 3 Players Defense
Defense Defense Time % Phy DF OF
1 Cameron Gaunce Philip Larsen 60 1 2 2
2 Brian Dumoulin Viktor Loov 40 1 2 2
4 vs 4 Forward
Center Wing Time % Phy DF OF
1 Nick Spaling Jason Akeson 60 1 2 2
2 Tyler Pitlick Lars Eller 40 1 2 2
4 vs 4 Defense
Defense Defense Time % Phy DF OF
1 Cameron Gaunce Philip Larsen 60 1 2 2
2 Brian Dumoulin Viktor Loov 40 1 2 2
Last Minutes Offensive
Center Left Wing Right Wing Defense Defense
Lars Eller Nick Spaling Jason Akeson Cameron Gaunce Philip Larsen
Last Minutes Defensive
Center Left Wing Right Wing Defense Defense
Lars Eller Nick Spaling Jason Akeson Cameron Gaunce Philip Larsen
Goaltenders
Starting : Andrew Hammond
Backup : Kristers Gudlevskis
Extra Forwards
Normal : Sergey Tolchinsky, Marek Zagrapan, Peter Holland - PP : Sergey Tolchinsky, Marek Zagrapan - PK : Peter Holland
Extra Defensemen
Normal : David Musil, Andrey Pedan, Nikita Nesterov - PP : David Musil - PK : Andrey Pedan, Nikita Nesterov
Penalty Shots
Nick Spaling, Jason Akeson, Tyler Pitlick, Lars Eller, Corey Trivino
Scratches
Jordan Szwarz (Lower Body Injury), Alex Petrovic (Groin Injury), Danny Kristo (Suspend), Darcy Kuemper (Healthy), Joni Ortio (Healthy)
Rafales
5 vs 5 Forward
Center Left Wing Right Wing Time % Phy DF OF
1 Mike Zigomanis Cody McLeod Michael Ryder 40 0 1 4
2 Nathan Davis James Sheppard Milan Bartovic 30 0 1 4
3 Kevin Veilleux Carl Klingberg Brian Ferlin 20 1 1 3
4 Cedric Paquette Chris Terry James Marcou 10 2 1 2
5 vs 5 Defense
Defense Defense Time % Phy DF OF
1 Matt Gilroy Connor Murphy 40 1 3 1
2 Julian Melchiori Dylan McIlrath 30 1 3 1
3 Slater Koekkoek Joey Laleggia 20 1 3 1
4 Matt Gilroy Connor Murphy 10 1 3 1
PowerPlay Forward
Center Left Wing Right Wing Time % Phy DF OF
1 Mike Zigomanis Cody McLeod Michael Ryder 60 0 0 5
2 Nathan Davis James Sheppard Milan Bartovic 40 0 0 5
PowerPlay Defense
Defense Defense Time % Phy DF OF
1 Matt Gilroy Connor Murphy 60 0 2 3
2 Julian Melchiori Dylan McIlrath 40 0 2 3
Penalty Kill 4 Players Forward
Center Wing Time % Phy DF OF
1 Mike Zigomanis Cody McLeod 60 1 3 1
2 James Sheppard Carl Klingberg 40 1 3 1
Penalty Kill 4 Players Defense
Defense Defense Time % Phy DF OF
1 Matt Gilroy Connor Murphy 60 2 3 0
2 Julian Melchiori Dylan McIlrath 40 2 3 0
Penalty Kill - 3 Players Forward
Forward Time % Phy DF OF
1 Mike Zigomanis 60 0 5 0
2 Cody McLeod 40 0 5 0
Penalty Kill - 3 Players Defense
Defense Defense Time % Phy DF OF
1 Matt Gilroy Connor Murphy 60 1 4 0
2 Julian Melchiori Dylan McIlrath 40 1 4 0
4 vs 4 Forward
Center Wing Time % Phy DF OF
1 Mike Zigomanis Cody McLeod 60 1 1 3
2 James Sheppard Carl Klingberg 40 1 1 3
4 vs 4 Defense
Defense Defense Time % Phy DF OF
1 Matt Gilroy Connor Murphy 60 1 3 1
2 Julian Melchiori Dylan McIlrath 40 1 3 1
Last Minutes Offensive
Center Left Wing Right Wing Defense Defense
Mike Zigomanis Cody McLeod Michael Ryder Matt Gilroy Connor Murphy
Last Minutes Defensive
Center Left Wing Right Wing Defense Defense
Mike Zigomanis Cody McLeod Michael Ryder Matt Gilroy Connor Murphy
Goaltenders
Starting : Leland Irving
Backup : Sean Maguire
Extra Forwards
Normal : Mike Zigomanis, Cody McLeod, Milan Bartovic - PP : Mike Zigomanis, Cody McLeod - PK : James Sheppard
Extra Defensemen
Normal : Connor Murphy, Matt Gilroy, Julian Melchiori - PP : Connor Murphy - PK : Matt Gilroy, Julian Melchiori
Penalty Shots
Mike Zigomanis, Cody McLeod, James Sheppard, Carl Klingberg, Nathan Davis
Scratches
Ben Sexton (Healthy), Ryan Bourque (Healthy), Ben Johnson (Healthy), Jayson Megna (Healthy), Brad Ross (Healthy)
Ben Thomson (Healthy), Tyrell Goulbourne (Healthy), David Broll (Healthy), Stefan Chaput (Healthy), Dennis Persson (Healthy)
Akim Aliu (Healthy), Maksim Mayorov (Healthy), Chris Driedger (Healthy)
% Time on Ice - Diablos
Lines # - Real PCT - Wanted PCT - Time Play
Normal Forward
1 - 34% - 40% - 16:27
2 - 26% - 30% - 12:18
3 - 24% - 20% - 11:39
4 - 16% - 10% - 7:42
Normal Defense
1 - 40% - 40% - 19:16
2 - 30% - 30% - 14:17
3 - 20% - 20% - 9:26
4 - 11% - 10% - 5:07
PP Forward
1 - 55% - 60% - 3:17
2 - 45% - 40% - 2:40
PP Defense
1 - 64% - 60% - 3:47
2 - 36% - 40% - 2:10
PK Forward
1 - 75% - 60% - 4:28
2 - 25% - 40% - 1:29
PK Defense
1 - 66% - 60% - 3:57
2 - 34% - 40% - 2:00
PK3 Forward
1 - 0% - 60%
2 - 0% - 40%
PK3 Defense
1 - 0% - 60%
2 - 0% - 40%
44 Forward
1 - 0% - 60%
2 - 0% - 40%
44 Defense
1 - 0% - 60%
2 - 0% - 40%
Last Minute Offensive - 0:00
Last Minute Defensive - 0:00
Total
Forward - 60:00
Defense - 60:00
|
% Time on Ice - Rafales
Lines # - Real PCT - Wanted PCT - Time Play
Normal Forward
1 - 34% - 40% - 16:25
2 - 27% - 30% - 12:50
3 - 23% - 20% - 11:01
4 - 16% - 10% - 7:50
Normal Defense
1 - 38% - 40% - 18:03
2 - 38% - 30% - 18:12
3 - 23% - 20% - 11:07
4 - 2% - 10% - 0:44
PP Forward
1 - 59% - 60% - 3:29
2 - 41% - 40% - 2:28
PP Defense
1 - 46% - 60% - 2:44
2 - 54% - 40% - 3:13
PK Forward
1 - 81% - 60% - 4:48
2 - 19% - 40% - 1:09
PK Defense
1 - 50% - 60% - 2:57
2 - 50% - 40% - 3:00
PK3 Forward
1 - 0% - 60%
2 - 0% - 40%
PK3 Defense
1 - 0% - 60%
2 - 0% - 40%
44 Forward
1 - 0% - 60%
2 - 0% - 40%
44 Defense
1 - 0% - 60%
2 - 0% - 40%
Last Minute Offensive - 0:00
Last Minute Defensive - 0:00
Total
Forward - 60:00
Defense - 60:00
|
Play-by-Play
1st period
0:01 of 1st period - Mike Zigomanis wins face-off versus Lars Eller in neutral zone.
0:31 of 1st period - Snap shot by Tyler Pitlick.
0:31 of 1st period - Shot Misses the Net.
0:49 of 1st period - Kevin Veilleux is hit by Marek Zagrapan.
0:53 of 1st period - Snap shot by Brian Ferlin.
0:53 of 1st period - Shot Blocked by Viktor Loov.
0:55 of 1st period - Slapshot by Slater Koekkoek.
0:55 of 1st period - Stopped by Andrew Hammond with a rebound.
1:02 of 1st period - Icing by Viktor Loov.
1:03 of 1st period - Chris Terry wins face-off versus Marek Zagrapan in Diablos zone.
1:14 of 1st period - Snap shot by Michael Ryder.
1:14 of 1st period - Stopped by Andrew Hammond with a rebound.
1:16 of 1st period - Slapshot by Julian Melchiori.
1:16 of 1st period - Stopped by Andrew Hammond without a rebound.
1:17 of 1st period - Lars Eller wins face-off versus Nathan Davis in Diablos zone.
1:28 of 1st period - Slapshot by Lars Eller.
1:28 of 1st period - Shot Misses the Net.
1:30 of 1st period - Snap shot by Nick Spaling.
1:30 of 1st period - Shot Misses the Net.
1:32 of 1st period - Snap shot by Jason Akeson.
1:32 of 1st period - Goal by Jason Akeson - Diablos : 1 - Rafales : 0.
1:33 of 1st period - Peter Holland wins face-off versus Cedric Paquette in neutral zone.
2:19 of 1st period - Slapshot by Carl Klingberg.
2:19 of 1st period - Shot Misses the Net.
2:57 of 1st period - Chris Terry is hit by Tobias Lindberg.
3:10 of 1st period - Snap shot by Peter Holland.
3:10 of 1st period - Stopped by Leland Irving with a rebound.
3:22 of 1st period - Cameron Gaunce is hit by Mike Zigomanis and loses puck.
3:53 of 1st period - Icing by Carl Klingberg.
3:54 of 1st period - Corey Trivino wins face-off versus Kevin Veilleux in Rafales zone.
5:03 of 1st period - Snap shot by Nathan Davis.
5:03 of 1st period - Shot Blocked by Tobias Lindberg.
5:26 of 1st period - Wrist shot by Corey Trivino.
5:26 of 1st period - Stopped by Leland Irving with a rebound.
6:18 of 1st period - Off-side.
6:19 of 1st period - Nathan Davis wins face-off versus Peter Holland in neutral zone.
6:39 of 1st period - Charles Hudon is hit by Slater Koekkoek and loses puck.
6:58 of 1st period - Snap shot by Tobias Lindberg.
6:58 of 1st period - Shot Blocked by Slater Koekkoek.
7:00 of 1st period - Snap shot by Brian Dumoulin.
7:00 of 1st period - Stopped by Leland Irving with a rebound.
7:12 of 1st period - Slapshot by Peter Holland.
7:12 of 1st period - Shot Misses the Net.
7:14 of 1st period - Wrist shot by Charles Hudon.
7:14 of 1st period - Stopped by Leland Irving without a rebound.
7:15 of 1st period - Mike Zigomanis wins face-off versus Lars Eller in Rafales zone.
7:15 of 1st period - Mike Zigomanis is hit by Nick Spaling.
7:20 of 1st period - Off-side.
7:21 of 1st period - Lars Eller wins face-off versus Mike Zigomanis in neutral zone.
7:27 of 1st period - Minor Penalty to Nick Spaling for Charging.
7:28 of 1st period - Peter Holland wins face-off versus Mike Zigomanis in Diablos zone.
7:37 of 1st period - Snap shot by Michael Ryder.
7:37 of 1st period - Stopped by Andrew Hammond with a rebound.
7:39 of 1st period - Wrist shot by Mike Zigomanis.
7:39 of 1st period - Stopped by Andrew Hammond with a rebound.
7:41 of 1st period - Slapshot by Matt Gilroy.
7:41 of 1st period - Stopped by Andrew Hammond with a rebound.
7:43 of 1st period - Snap shot by Michael Ryder.
7:43 of 1st period - Stopped by Andrew Hammond with a rebound.
9:27 of 1st period - Penalty to Nick Spaling is over, Nick Spaling is back on ice.
9:39 of 1st period - Slapshot by James Marcou.
9:39 of 1st period - Shot Misses the Net.
10:14 of 1st period - Off-side.
10:15 of 1st period - Nathan Davis wins face-off versus Corey Trivino in neutral zone.
10:58 of 1st period - Wrist shot by Jiri Sekac.
10:58 of 1st period - Stopped by Leland Irving without a rebound.
10:59 of 1st period - Kevin Veilleux wins face-off versus Marek Zagrapan in Rafales zone.
11:08 of 1st period - Wrist shot by Carl Klingberg.
11:08 of 1st period - Stopped by Andrew Hammond without a rebound.
11:09 of 1st period - Mike Zigomanis wins face-off versus Lars Eller in Diablos zone.
11:16 of 1st period - Wrist shot by Lars Eller.
11:16 of 1st period - Goal by Lars Eller - Diablos : 2 - Rafales : 0.
11:17 of 1st period - Mike Zigomanis wins face-off versus Lars Eller in neutral zone.
11:27 of 1st period - Wrist shot by Michael Ryder.
11:27 of 1st period - Shot Misses the Net.
11:29 of 1st period - Slapshot by Matt Gilroy.
11:29 of 1st period - Shot Misses the Net.
11:31 of 1st period - Snap shot by Mike Zigomanis.
11:31 of 1st period - Stopped by Andrew Hammond without a rebound.
11:32 of 1st period - Mike Zigomanis wins face-off versus Corey Trivino in Diablos zone.
11:44 of 1st period - Snap shot by Corey Trivino.
11:44 of 1st period - Stopped by Leland Irving with a rebound.
12:31 of 1st period - Dylan McIlrath is hit by Philip Larsen and loses puck.
12:46 of 1st period - Slapshot by Peter Holland.
12:46 of 1st period - Shot Misses the Net.
13:50 of 1st period - Joey Laleggia is hit by Andrey Pedan.
14:34 of 1st period - Julian Melchiori is hit by Jason Akeson and loses puck.
14:35 of 1st period - Julian Melchiori from Rafales is injured at 14:35 of 1st period (Right Foot).
14:36 of 1st period - Mike Zigomanis wins face-off versus Lars Eller in Rafales zone.
15:01 of 1st period - Connor Murphy is hit by Bryan Bickell and loses puck.
15:08 of 1st period - Slapshot by Corey Trivino.
15:08 of 1st period - Deflect By Tyler Pitlick.
15:08 of 1st period - Stopped by Leland Irving without a rebound.
15:09 of 1st period - Corey Trivino wins face-off versus Mike Zigomanis in Rafales zone.
15:25 of 1st period - Snap shot by Tyler Pitlick.
15:25 of 1st period - Shot Blocked by Mike Zigomanis.
16:04 of 1st period - Joey Laleggia is hit by Brian Dumoulin and loses puck.
16:09 of 1st period - Slapshot by Jiri Sekac.
16:09 of 1st period - Stopped by Leland Irving with a rebound.
16:16 of 1st period - Icing by Joey Laleggia.
16:17 of 1st period - Corey Trivino wins face-off versus Cedric Paquette in Rafales zone.
16:54 of 1st period - Slapshot by Jason Akeson.
16:54 of 1st period - Stopped by Leland Irving with a rebound.
17:14 of 1st period - Snap shot by James Sheppard.
17:14 of 1st period - Stopped by Andrew Hammond with a rebound.
17:23 of 1st period - Icing by Nikita Nesterov.
17:24 of 1st period - Marek Zagrapan wins face-off versus Kevin Veilleux in Diablos zone.
17:55 of 1st period - Wrist shot by Milan Bartovic.
17:55 of 1st period - Stopped by Andrew Hammond without a rebound.
17:56 of 1st period - Corey Trivino wins face-off versus Nathan Davis in Diablos zone.
17:56 of 1st period - Corey Trivino is hit by Matt Gilroy.
18:26 of 1st period - Wrist shot by Milan Bartovic.
18:26 of 1st period - Stopped by Andrew Hammond without a rebound.
18:27 of 1st period - Mike Zigomanis wins face-off versus Lars Eller in Diablos zone.
18:52 of 1st period - Kevin Veilleux is hit by Marek Zagrapan and loses puck.
19:17 of 1st period - Slapshot by James Marcou.
19:17 of 1st period - Deflect By Chris Terry.
19:17 of 1st period - Shot Blocked by Cameron Gaunce.
19:17 of 1st period - Puck is out of play.
19:18 of 1st period - Mike Zigomanis wins face-off versus Corey Trivino in Diablos zone.
19:21 of 1st period - Snap shot by Michael Ryder.
19:21 of 1st period - Stopped by Andrew Hammond without a rebound.
19:22 of 1st period - Michael Ryder wins face-off versus Lars Eller in Diablos zone.
19:27 of 1st period - Snap shot by Michael Ryder.
19:27 of 1st period - Stopped by Andrew Hammond with a rebound.
19:31 of 1st period - Wrist shot by Cody McLeod.
19:31 of 1st period - Shot Misses the Net.
19:33 of 1st period - Slapshot by Matt Gilroy.
19:33 of 1st period - Deflect By Mike Zigomanis.
19:33 of 1st period - Goal by Mike Zigomanis - Diablos : 2 - Rafales : 1.
19:34 of 1st period - Mike Zigomanis wins face-off versus Lars Eller in neutral zone.
19:49 of 1st period - Wrist shot by Cody McLeod.
19:49 of 1st period - Stopped by Andrew Hammond with a rebound.
Goals for this period are 2 for Diablos vs 1 for Rafales.
Shots for this period are 11 for Diablos vs 16 for Rafales.
2nd period
0:01 of 2nd period - Lars Eller wins face-off versus Mike Zigomanis in neutral zone.
0:04 of 2nd period - Snap shot by Cameron Gaunce.
0:04 of 2nd period - Stopped by Leland Irving with a rebound.
0:06 of 2nd period - Snap shot by Jason Akeson.
0:06 of 2nd period - Shot Blocked by Matt Gilroy.
0:08 of 2nd period - Snap shot by Lars Eller.
0:08 of 2nd period - Stopped by Leland Irving with a rebound.
0:10 of 2nd period - Snap shot by Jason Akeson.
0:10 of 2nd period - Goal by Jason Akeson - Diablos : 3 - Rafales : 1.
0:11 of 2nd period - Mike Zigomanis wins face-off versus Corey Trivino in neutral zone.
0:14 of 2nd period - Snap shot by Matt Gilroy.
0:14 of 2nd period - Stopped by Andrew Hammond with a rebound.
0:22 of 2nd period - Slapshot by Corey Trivino.
0:22 of 2nd period - Stopped by Leland Irving with a rebound.
0:24 of 2nd period - Wrist shot by Bryan Bickell.
0:24 of 2nd period - Stopped by Leland Irving with a rebound.
0:26 of 2nd period - Wrist shot by Tyler Pitlick.
0:26 of 2nd period - Stopped by Leland Irving without a rebound.
0:27 of 2nd period - Lars Eller wins face-off versus Nathan Davis in Rafales zone.
0:42 of 2nd period - Brian Dumoulin is hit by Matt Gilroy and loses puck.
0:53 of 2nd period - Viktor Loov is hit by Michael Ryder and loses puck.
2:24 of 2nd period - Slapshot by Jason Akeson.
2:24 of 2nd period - Deflect By Lars Eller.
2:24 of 2nd period - Stopped by Leland Irving with a rebound.
2:26 of 2nd period - Slapshot by Nick Spaling.
2:26 of 2nd period - Shot Hit the Post.
2:28 of 2nd period - Slapshot by Tyler Lewington.
2:28 of 2nd period - Deflect By Nick Spaling.
2:28 of 2nd period - Goal by Nick Spaling - Diablos : 4 - Rafales : 1.
2:29 of 2nd period - Lars Eller wins face-off versus Mike Zigomanis in neutral zone.
3:01 of 2nd period - Wrist shot by Bryan Bickell.
3:01 of 2nd period - Stopped by Leland Irving with a rebound.
3:03 of 2nd period - Snap shot by Bryan Bickell.
3:03 of 2nd period - Stopped by Leland Irving with a rebound.
3:19 of 2nd period - Wrist shot by Viktor Loov.
3:19 of 2nd period - Stopped by Leland Irving without a rebound.
3:20 of 2nd period - Kevin Veilleux wins face-off versus Lars Eller in Rafales zone.
3:27 of 2nd period - Snap shot by Brian Ferlin.
3:27 of 2nd period - Shot Misses the Net.
3:30 of 2nd period - Icing by Jason Akeson.
3:31 of 2nd period - Lars Eller wins face-off versus Mike Zigomanis in Diablos zone.
4:20 of 2nd period - Snap shot by Tyler Pitlick.
4:20 of 2nd period - Stopped by Leland Irving with a rebound.
4:24 of 2nd period - Snap shot by Bryan Bickell.
4:24 of 2nd period - Stopped by Leland Irving without a rebound.
4:25 of 2nd period - Mike Zigomanis wins face-off versus Corey Trivino in Rafales zone.
4:25 of 2nd period - Mike Zigomanis is hit by Cameron Gaunce.
4:51 of 2nd period - Milan Bartovic is hit by Barclay Goodrow and loses puck.
5:18 of 2nd period - Wrist shot by Peter Holland.
5:18 of 2nd period - Shot Misses the Net.
5:52 of 2nd period - Bryan Bickell is hit by Michael Ryder and loses puck.
6:01 of 2nd period - Snap shot by Cody McLeod.
6:01 of 2nd period - Stopped by Andrew Hammond without a rebound.
6:02 of 2nd period - Lars Eller wins face-off versus Mike Zigomanis in Diablos zone.
6:32 of 2nd period - Snap shot by Milan Bartovic.
6:32 of 2nd period - Shot Misses the Net.
6:34 of 2nd period - Slapshot by Matt Gilroy.
6:34 of 2nd period - Shot Blocked by Tyler Pitlick.
6:36 of 2nd period - Snap shot by James Sheppard.
6:36 of 2nd period - Shot Misses the Net.
6:49 of 2nd period - Minor Penalty to Chris Terry for High sticking.
6:50 of 2nd period - Mike Zigomanis wins face-off versus Lars Eller in Rafales zone.
7:02 of 2nd period - Snap shot by Lars Eller.
7:02 of 2nd period - Shot Misses the Net.
7:04 of 2nd period - Slapshot by Nick Spaling.
7:04 of 2nd period - Deflect By Jason Akeson.
7:04 of 2nd period - Stopped by Leland Irving with a rebound.
7:06 of 2nd period - Slapshot by Cameron Gaunce.
7:06 of 2nd period - Shot Blocked by Matt Gilroy.
7:28 of 2nd period - Connor Murphy is hit by Tyler Pitlick and loses puck.
8:49 of 2nd period - Penalty to Chris Terry is over, Chris Terry is back on ice.
9:02 of 2nd period - Connor Murphy is hit by Marek Zagrapan and loses puck.
9:23 of 2nd period - Snap shot by Peter Holland.
9:23 of 2nd period - Goal by Peter Holland - Diablos : 5 - Rafales : 1.
9:24 of 2nd period - Cody McLeod wins face-off versus Corey Trivino in neutral zone.
9:31 of 2nd period - Backhand shot by Michael Ryder.
9:31 of 2nd period - Shot Misses the Net.
9:33 of 2nd period - Slapshot by Matt Gilroy.
9:33 of 2nd period - Deflect By Cody McLeod.
9:33 of 2nd period - Shot Misses the Net.
9:33 of 2nd period - Puck is out of play.
9:34 of 2nd period - Tyler Pitlick wins face-off versus Mike Zigomanis in Diablos zone.
9:54 of 2nd period - Icing by Cameron Gaunce.
9:55 of 2nd period - Corey Trivino wins face-off versus Nathan Davis in Diablos zone.
10:04 of 2nd period - Connor Murphy is hit by Philip Larsen and loses puck.
10:11 of 2nd period - Slapshot by Cameron Gaunce.
10:11 of 2nd period - Shot Blocked by Milan Bartovic.
11:46 of 2nd period - Slapshot by Viktor Loov.
11:46 of 2nd period - Stopped by Leland Irving with a rebound.
11:54 of 2nd period - Cody McLeod is hit by Peter Holland.
12:14 of 2nd period - Snap shot by Lars Eller.
12:14 of 2nd period - Shot Misses the Net.
12:16 of 2nd period - Snap shot by Brian Dumoulin.
12:16 of 2nd period - Stopped by Leland Irving without a rebound.
12:17 of 2nd period - Lars Eller wins face-off versus Nathan Davis in Rafales zone.
12:23 of 2nd period - Icing by Nathan Davis.
12:24 of 2nd period - Nathan Davis wins face-off versus Lars Eller in Rafales zone.
12:58 of 2nd period - Minor Penalty to Philip Larsen for Hooking.
12:59 of 2nd period - Nick Spaling wins face-off versus Mike Zigomanis in Diablos zone.
14:15 of 2nd period - Dylan McIlrath is hit by Jason Akeson and loses puck.
14:58 of 2nd period - Penalty to Philip Larsen is over, Philip Larsen is back on ice.
16:07 of 2nd period - Cody McLeod is hit by Jiri Sekac and loses puck.
16:20 of 2nd period - Marek Zagrapan is hit by Kevin Veilleux and loses puck.
16:29 of 2nd period - Backhand shot by Marek Zagrapan.
16:29 of 2nd period - Stopped by Leland Irving with a rebound.
16:35 of 2nd period - Slapshot by Marek Zagrapan.
16:35 of 2nd period - Shot Blocked by Joey Laleggia.
16:37 of 2nd period - Minor Penalty to Milan Bartovic for Roughing.
16:38 of 2nd period - Lars Eller wins face-off versus Mike Zigomanis in Rafales zone.
17:03 of 2nd period - Mike Zigomanis is hit by Bryan Bickell and loses puck.
17:20 of 2nd period - Mike Zigomanis is hit by Brian Dumoulin and loses puck.
17:48 of 2nd period - Wrist shot by James Sheppard.
17:48 of 2nd period - Stopped by Andrew Hammond with a rebound.
18:37 of 2nd period - Penalty to Milan Bartovic is over, Milan Bartovic is back on ice.
19:22 of 2nd period - Snap shot by Marek Zagrapan.
19:22 of 2nd period - Stopped by Leland Irving without a rebound.
19:23 of 2nd period - Marek Zagrapan wins face-off versus Cedric Paquette in Rafales zone.
19:58 of 2nd period - Snap shot by Nick Spaling.
19:58 of 2nd period - Shot Blocked by Michael Ryder.
Goals for this period are 3 for Diablos vs 0 for Rafales.
Shots for this period are 19 for Diablos vs 3 for Rafales.
3rd period
0:01 of 3rd period - Mike Zigomanis wins face-off versus Lars Eller in neutral zone.
0:48 of 3rd period - Wrist shot by Brian Ferlin.
0:48 of 3rd period - Shot Blocked by Marek Zagrapan.
0:50 of 3rd period - Snap shot by Slater Koekkoek.
0:50 of 3rd period - Stopped by Andrew Hammond without a rebound.
0:51 of 3rd period - Marek Zagrapan wins face-off versus Mike Zigomanis in Diablos zone.
1:03 of 3rd period - Icing by Barclay Goodrow.
1:04 of 3rd period - Mike Zigomanis wins face-off versus Marek Zagrapan in Diablos zone.
1:07 of 3rd period - Snap shot by Cody McLeod.
1:07 of 3rd period - Stopped by Andrew Hammond with a rebound.
1:09 of 3rd period - Snap shot by Joey Laleggia.
1:09 of 3rd period - Shot Blocked by Marek Zagrapan.
1:11 of 3rd period - Slapshot by Joey Laleggia.
1:11 of 3rd period - Shot Misses the Net.
1:13 of 3rd period - Wrist shot by Mike Zigomanis.
1:13 of 3rd period - Shot Misses the Net.
1:17 of 3rd period - Snap shot by Cody McLeod.
1:17 of 3rd period - Stopped by Andrew Hammond without a rebound.
1:18 of 3rd period - Mike Zigomanis wins face-off versus Jason Akeson in Diablos zone.
1:19 of 3rd period - Slapshot by Michael Ryder.
1:19 of 3rd period - Shot Hit the Post.
1:21 of 3rd period - Slapshot by Connor Murphy.
1:21 of 3rd period - Shot Blocked by Jason Akeson.
1:29 of 3rd period - Connor Murphy is hit by Jason Akeson and loses puck.
1:56 of 3rd period - Backhand shot by Milan Bartovic.
1:56 of 3rd period - Deflect By Cameron Gaunce.
1:56 of 3rd period - Shot Blocked by Tyler Pitlick.
1:56 of 3rd period - Puck is out of play.
1:57 of 3rd period - Lars Eller wins face-off versus Kevin Veilleux in Diablos zone.
2:02 of 3rd period - Snap shot by Carl Klingberg.
2:02 of 3rd period - Shot Blocked by Nick Spaling.
2:22 of 3rd period - Snap shot by Marek Zagrapan.
2:22 of 3rd period - Goal by Marek Zagrapan - Diablos : 6 - Rafales : 1.
2:23 of 3rd period - Lars Eller wins face-off versus Mike Zigomanis in neutral zone.
2:29 of 3rd period - Michael Ryder and Cameron Gaunce fight to a draw.
2:29 of 3rd period - Penalty to Michael Ryder for Fighting.
2:29 of 3rd period - Penalty to Cameron Gaunce for Fighting.
2:30 of 3rd period - Lars Eller wins face-off versus Mike Zigomanis in Rafales zone.
2:39 of 3rd period - Slapshot by Nick Spaling.
2:39 of 3rd period - Stopped by Leland Irving without a rebound.
2:40 of 3rd period - Mike Zigomanis wins face-off versus Lars Eller in Rafales zone.
2:45 of 3rd period - Snap shot by Nick Spaling.
2:45 of 3rd period - Stopped by Leland Irving with a rebound.
2:47 of 3rd period - Snap shot by Nick Spaling.
2:47 of 3rd period - Stopped by Leland Irving without a rebound.
2:48 of 3rd period - Mike Zigomanis wins face-off versus Lars Eller in Rafales zone.
2:48 of 3rd period - Mike Zigomanis is hit by Nick Spaling.
2:51 of 3rd period - Icing by Milan Bartovic.
2:52 of 3rd period - Mike Zigomanis wins face-off versus Lars Eller in Rafales zone.
2:52 of 3rd period - Mike Zigomanis is hit by Nick Spaling.
2:58 of 3rd period - Wrist shot by Jason Akeson.
2:58 of 3rd period - Stopped by Leland Irving with a rebound.
3:20 of 3rd period - Snap shot by Cedric Paquette.
3:20 of 3rd period - Shot Blocked by Lars Eller.
3:22 of 3rd period - Slapshot by Connor Murphy.
3:22 of 3rd period - Stopped by Andrew Hammond with a rebound.
3:26 of 3rd period - Slapshot by Connor Murphy.
3:26 of 3rd period - Stopped by Andrew Hammond with a rebound.
3:28 of 3rd period - Snap shot by Connor Murphy.
3:28 of 3rd period - Shot Blocked by Philip Larsen.
3:30 of 3rd period - Snap shot by Chris Terry.
3:30 of 3rd period - Stopped by Andrew Hammond with a rebound.
4:16 of 3rd period - Cody McLeod is hit by Barclay Goodrow and loses puck.
4:26 of 3rd period - Off-side.
4:27 of 3rd period - Peter Holland wins face-off versus Cedric Paquette in neutral zone.
4:30 of 3rd period - Wrist shot by Nikita Nesterov.
4:30 of 3rd period - Stopped by Leland Irving without a rebound.
4:31 of 3rd period - Mike Zigomanis wins face-off versus Lars Eller in Rafales zone.
4:31 of 3rd period - Mike Zigomanis is hit by Lars Eller.
4:34 of 3rd period - Minor Penalty to Milan Bartovic for Holding.
4:35 of 3rd period - Lars Eller wins face-off versus Mike Zigomanis in Rafales zone.
4:49 of 3rd period - Snap shot by Nick Spaling.
4:49 of 3rd period - Shot Misses the Net.
4:51 of 3rd period - Slapshot by Nick Spaling.
4:51 of 3rd period - Stopped by Leland Irving with a rebound.
6:34 of 3rd period - Penalty to Milan Bartovic is over, Milan Bartovic is back on ice.
6:41 of 3rd period - Cedric Paquette is hit by Tyler Lewington and loses puck.
7:35 of 3rd period - Bryan Bickell is hit by Brian Ferlin and loses puck.
8:30 of 3rd period - Slater Koekkoek is hit by Nick Spaling and loses puck.
8:43 of 3rd period - Marek Zagrapan is hit by Cedric Paquette and loses puck.
8:58 of 3rd period - Michael Ryder is hit by Corey Trivino and loses puck.
9:18 of 3rd period - Nick Spaling is hit by Joey Laleggia and loses puck.
9:34 of 3rd period - Minor Penalty to Tobias Lindberg for Unsportsmanlike conduct.
9:35 of 3rd period - Cody McLeod wins face-off versus Nick Spaling in Diablos zone.
9:37 of 3rd period - Wrist shot by Cody McLeod.
9:37 of 3rd period - Shot Hit the Post.
9:39 of 3rd period - Snap shot by Cody McLeod.
9:39 of 3rd period - Deflect By Nick Spaling.
9:39 of 3rd period - Stopped by Andrew Hammond with a rebound.
9:41 of 3rd period - Snap shot by Cody McLeod.
9:41 of 3rd period - Shot Misses the Net.
9:43 of 3rd period - Backhand shot by Mike Zigomanis.
9:43 of 3rd period - Stopped by Andrew Hammond with a rebound.
9:45 of 3rd period - Slapshot by Matt Gilroy.
9:45 of 3rd period - Stopped by Andrew Hammond with a rebound.
11:13 of 3rd period - Philip Larsen is hit by Dylan McIlrath and loses puck.
11:34 of 3rd period - Penalty to Tobias Lindberg is over, Tobias Lindberg is back on ice.
11:45 of 3rd period - Philip Larsen is hit by James Marcou and loses puck.
12:00 of 3rd period - Brian Ferlin is hit by Philip Larsen and loses puck.
12:17 of 3rd period - Slapshot by Peter Holland.
12:17 of 3rd period - Stopped by Leland Irving without a rebound.
12:18 of 3rd period - Cody McLeod wins face-off versus Tobias Lindberg in Rafales zone.
12:18 of 3rd period - Chris Terry is hit by Viktor Loov and loses puck.
12:41 of 3rd period - Wrist shot by James Sheppard.
12:41 of 3rd period - Shot Misses the Net.
12:43 of 3rd period - Snap shot by James Sheppard.
12:43 of 3rd period - Deflect By Milan Bartovic.
12:43 of 3rd period - Shot Blocked by Viktor Loov.
12:43 of 3rd period - Puck is out of play.
12:44 of 3rd period - Nathan Davis wins face-off versus Corey Trivino in Diablos zone.
12:55 of 3rd period - Snap shot by Milan Bartovic.
12:55 of 3rd period - Goal by Milan Bartovic - Diablos : 6 - Rafales : 2.
12:56 of 3rd period - Cody McLeod wins face-off versus Lars Eller in neutral zone.
13:01 of 3rd period - Slapshot by Mike Zigomanis.
13:01 of 3rd period - Stopped by Andrew Hammond with a rebound.
13:55 of 3rd period - Slapshot by Peter Holland.
13:55 of 3rd period - Deflect By Charles Hudon.
13:55 of 3rd period - Stopped by Leland Irving without a rebound.
13:56 of 3rd period - Lars Eller wins face-off versus Nathan Davis in Rafales zone.
13:57 of 3rd period - Slapshot by Jason Akeson.
13:57 of 3rd period - Deflect By Nathan Davis.
13:57 of 3rd period - Shot Blocked by James Sheppard.
13:57 of 3rd period - Puck is out of play.
13:58 of 3rd period - James Sheppard wins face-off versus Jason Akeson in Rafales zone.
14:30 of 3rd period - Slapshot by Cameron Gaunce.
14:30 of 3rd period - Shot Misses the Net.
14:32 of 3rd period - Snap shot by Bryan Bickell.
14:32 of 3rd period - Stopped by Leland Irving with a rebound.
14:34 of 3rd period - Slapshot by Philip Larsen.
14:34 of 3rd period - Shot Blocked by Joey Laleggia.
14:52 of 3rd period - Backhand shot by Chris Terry.
14:52 of 3rd period - Shot Misses the Net.
14:54 of 3rd period - Slapshot by Slater Koekkoek.
14:54 of 3rd period - Deflect By Cedric Paquette.
14:54 of 3rd period - Shot Misses the Net.
14:54 of 3rd period - Puck is out of play.
14:55 of 3rd period - Mike Zigomanis wins face-off versus Lars Eller in Diablos zone.
16:31 of 3rd period - Wrist shot by Nick Spaling.
16:31 of 3rd period - Shot Misses the Net.
17:02 of 3rd period - Icing by Andrey Pedan.
17:03 of 3rd period - Kevin Veilleux wins face-off versus Corey Trivino in Diablos zone.
17:12 of 3rd period - Wrist shot by Cody McLeod.
17:12 of 3rd period - Deflect By Mike Zigomanis.
17:12 of 3rd period - Stopped by Andrew Hammond with a rebound.
17:34 of 3rd period - Snap shot by Lars Eller.
17:34 of 3rd period - Deflect By Slater Koekkoek.
17:34 of 3rd period - Shot Misses the Net.
17:34 of 3rd period - Puck is out of play.
17:35 of 3rd period - Mike Zigomanis wins face-off versus Lars Eller in Rafales zone.
17:35 of 3rd period - Cody McLeod is hit by Lars Eller.
18:07 of 3rd period - Jiri Sekac is hit by Nathan Davis and loses puck.
18:29 of 3rd period - Brian Ferlin is hit by Bryan Bickell.
18:50 of 3rd period - Wrist shot by Chris Terry.
18:50 of 3rd period - Shot Blocked by Brian Dumoulin.
18:52 of 3rd period - Slapshot by Chris Terry.
18:52 of 3rd period - Stopped by Andrew Hammond with a rebound.
18:56 of 3rd period - Wrist shot by Cedric Paquette.
18:56 of 3rd period - Stopped by Andrew Hammond with a rebound.
19:43 of 3rd period - Marek Zagrapan is hit by Slater Koekkoek and loses puck.
Goals for this period are 1 for Diablos vs 1 for Rafales.
Shots for this period are 10 for Diablos vs 14 for Rafales.
Back to the Top